Pons, chaotic female elven Wizard --------- ------------|.....+.| |...........|.....|.| |.---.......|.....|.| |...|.......|.....|.| |...|---.---|..<..|.| |...--......|.....|.| |..........u-------.| ---.--...|..@.......| |.--...|--------..| |......| ---- --->---- --- Pons the Thaumaturge Experience level: 7 Strength: 8 Dexterity: 11 Constitution: 16 Intelligence: 18 Wisdom: 13 Charisma: 8 Health: 0(51) Energy: 73(83) AC: 5 Gold: 1600 Moves: 5168 Your Inventory: Coins $ - 1600 gold pieces Weapons y - an uncursed poisoned [+0] crude arrow [orcish] L - an uncursed [+0] dagger (weapon in hand) Armor D - an uncursed +0 pair of hard shoes [iron] (being worn) G - an uncursed +0 leather armor (being worn) P - an uncursed +0 iron skull cap [orcish helm] (being worn) Comestibles b - an [uncursed] candy bar R - 3 [uncursed] cream pies S - 2 [uncursed] food rations V - an [uncursed] tin [of dwarf meat] Scrolls a - a [cursed] scroll called earth [of earth] h - 3 uncursed scrolls of confuse monster H - a blessed scroll called earth [of earth] K - an uncursed scroll labeled ASHPD [of genocide] Q - a [cursed] scroll labeled LOREN IPSUM [of charging] Y - a [cursed] scroll labeled TEMOV [of magic mapping] Z - an [uncursed] scroll called earth [of earth] Spellbooks W - an [uncursed] tattered spellbook [of cancellation] X - an [uncursed] white spellbook [of cause fear] Potions p - an uncursed clear potion [of water] r - an uncursed white potion [of healing] Rings d - an uncursed ring of protection from shape changers e - an uncursed ring of shock resistance Wands c - an uncursed wand of slow monster (0:6) Tools l - an uncursed magic marker (0:75) m - an uncursed wooden flute o - an uncursed tin opener w - 12 uncursed [wax] candles N - 5 uncursed [tallow] candles U - an [uncursed] looking glass [mirror] Gems x - an uncursed yellowish brown gem [worthless glass] Spells known in the end: Name Level Category Fail Memory a - force bolt 1 attack 4% [||||||..] b - detect food 2 divination 68% [||||||..] Your skills at the end: Fighting Skills Weapon Skills quarterstaff [Basic / Expert] Spellcasting Skills attack spells [Basic / Expert] enchantment spells [Basic / Skilled] Final Attributes: You were piously aligned. Hunger level was 526. Your alignment was 33 / 35. Monster difficulty range was 1 - 8. Level difficulty was 9. You were immune to sleep. You saw invisible. You were telepathic. You had infravision. You were lucky (1). You are dead. Vanquished creatures: a flaming sphere a tengu a chameleon a giant beetle an iron piercer 2 giant spiders 3 brown puddings an owlbear 2 yetis a housecat a jaguar a raven 3 water nymphs 2 mountain nymphs 3 Uruk-hai a fog cloud 2 gnomish wizards 2 wax golems 4 giant ants 3 floating eyes a kitten a kobold lord a hill orc a rothe a centipede 4 orc zombies 2 dwarf zombies an acid blob 7 coyotes a hobbit a large kobold 2 giant rats a brown mold a gecko 5 grid bugs 3 bats a lichen 2 newts 72 creatures vanquished. Voluntary challenges: You used a wielded weapon 12 times. You read items or engraved 397 times. You put on armor 8 times. You never genocided any monsters. You never polymorphed an object. You never changed form. You used no wishes. You wrote Elbereth's name 237 times. You never encountered a bones level. You never used any Sokoban shortcuts. Dungeon overview: The Dungeons of Doom: levels 1 to 11 Level 1 a long staircase Level 2 a scroll shop, a fountain, a sink Level 3 a sink Level 4 a fountain stairs to The Gnomish Mines Level 5 a general store Level 6 a fountain Level 7 an altar Level 8 (feral housecat) a weapon shop Level 10 some trees stairs to Sokoban The Gnomish Mines: Level 5 stairs to The Dungeons of Doom Sokoban: Level 9 <- You were here stairs to The Dungeons of Doom History has recorded: On T:1 you entered the Dungeons of Doom to retrieve the Amulet of Yendor! On T:175 you reached level 2 of The Dungeons of Doom. On T:435 you reached level 3 of The Dungeons of Doom. On T:696 you reached level 4 of The Dungeons of Doom. On T:727 you reached level 5 of The Dungeons of Doom. On T:850 you reached level 1 of The Gnomish Mines. On T:1156 you advanced to experience level 2. On T:1233 you advanced to experience level 3. On T:1382 you advanced to experience level 4. On T:1399 you reached level 6 of The Dungeons of Doom. On T:1404 you advanced to experience level 5. On T:1740 you reached level 7 of The Dungeons of Doom. On T:1756 you advanced to experience level 6. On T:1785 you reached level 8 of The Dungeons of Doom. On T:2230 you reached level 9 of The Dungeons of Doom. On T:2855 you reached level 10 of The Dungeons of Doom. On T:4087 you advanced to experience level 7. On T:4478 you reached level 3 of Sokoban. On T:4557 you reached level 11 of The Dungeons of Doom. Latest messages: The white unicorn butts! The white unicorn kicks! The white unicorn butts! The white unicorn kicks! [HP-19=32] The spell misses the white unicorn. The white unicorn butts! The white unicorn just misses! The white unicorn butts! The white unicorn kicks! [HP-12=20] The spell hits the white unicorn! The white unicorn resists! A mysterious force prevents the white unicorn from teleporting! The white unicorn butts! The white unicorn kicks! The white unicorn butts! You die... Final status: Goodbye Pons the Wizard... You died in Sokoban on dungeon level 9 with 4488 points, and 1600 pieces of gold, after 5168 moves. You were level 7 with a maximum of 51 hit points when you died.